 Dungeon Crawl Stone Soup version 0.28-a0-261-gc0b50483a2 (webtiles) character file.

Game seed: 13130038335949598691

7431 PentaManta the Basher (level 11, -12/72 HPs)
             Began as a Gargoyle Monk on Aug 27, 2021.
             Was a High Priest of Okawaru.
             Mangled by a boulder beetle (52 damage)
             ... on level 9 of the Dungeon.
             The game lasted 00:25:57 (10981 turns).

PentaManta the Basher (Gargoyle Monk)              Turns: 10981, Time: 00:25:57

Health: -12/72     AC: 24    Str: 18    XL:     11   Next: 15%
Magic:  11/11      EV:  9    Int: 11    God:    Okawaru [*****.]
Gold:   966        SH:  0    Dex: 18    Spells: 10/10 levels left

rFire   . . .      SeeInvis .   o - +1 dagger (venom)
rCold   . . .      Faith    .   (no shield)
rNeg    + . .      Spirit   .   r - +0 chain mail
rPois   ∞          Reflect  .   d - +1 helmet
rElec   +          Harm     .   J - +0 cloak
rCorr   .          Rampage  .   i - +0 pair of gloves
Will    .....                   (no boots)
Stlth   ..........              (no amulet)
HPRegen 0.22/turn               w - +6 ring of dexterity
MPRegen 0.12/turn               (no ring)

@: no status effects
A: sickness immunity, AC +8, negative energy resistance 1, electricity
resistance, torment resistance 1, petrification resistance
a: Renounce Religion, Heroism, Finesse, Duel


You were on level 9 of the Dungeon.
You worshipped Okawaru.
Okawaru was extremely pleased with you.
You visited 2 branches of the dungeon, and saw 11 of its levels.
You also visited: Ossuary.

You collected 1002 gold pieces.
You spent 36 gold pieces at shops.

Inventory:

Hand Weapons
 o - a +1 dagger of venom (weapon)
 q - a +4 dire flail of protection
 H - a +1 whip of electrocution
 K - the +10 morningstar of Okawaru's Condemnation {holy, rC+ Dex+3}
   (Okawaru gifted it to you on level 9 of the Dungeon)

   It has been blessed by the Shining One to cause great damage to the undead
   and demons.
   Dex:       It affects your dexterity (+3).
   rC:        It protects you from cold.
Missiles
 e - 4 throwing nets
 n - 22 boomerangs
 p - 6 atropa-tipped darts
 s - 4 boomerangs of dispersal
 G - 15 poisoned darts (quivered)
Armour
 d - a +1 helmet (worn)
 i - a +0 pair of gloves (worn)
 r - a +0 chain mail (worn)
 x - a +0 plate armour
 J - a +0 cloak (worn)
Jewellery
 w - a +6 ring of dexterity (left hand)
 L - the ring of Truth {Ice Will+ SInv}
   (You acquired it on level 7 of the Dungeon)

   [ring of ice]

   It enhances your ice magic.
   rF:        It makes you vulnerable to fire.
   rC:        It protects you from cold.
   SInv:      It lets you see invisible.
   Will:      It increases your willpower.
Wands
 k - a wand of paralysis (14)
 F - a wand of flame (18)
 M - a wand of mindburst (7)
Scrolls
 f - 2 scrolls of noise {unknown}
 g - 10 scrolls of teleportation
 j - 3 scrolls of amnesia
 l - a scroll of silence
 y - 3 scrolls of immolation
 B - 3 scrolls of blinking
 I - 3 scrolls of identify
Potions
 a - a potion of curing {unknown}
 b - a potion of degeneration
 c - 2 potions of invisibility
 h - a potion of berserk rage
 m - a potion of might {unknown}
 t - a potion of mutation {unknown}
 u - 3 potions of brilliance
 v - a potion of ambrosia {unknown}
 z - 2 potions of lignification
 A - 2 potions of heal wounds {unknown}
 C - a potion of flight {unknown}
 D - 3 potions of resistance {unknown}
 E - 2 potions of haste


   Skills:
 + Level 10.0 Fighting
 - Level 12.0 Maces & Flails
 + Level 9.3 Armour
 - Level 2.4 Dodging
 - Level 2.1 Stealth


You had 10 spell levels left.
You didn't know any spells.
Your spell library contained the following spells:

 Spells                   Type           Power      Damage    Failure   Level
 Corona                   Hex            0%         N/A       97%         1
 Magic Dart               Conj           0%         1d3       97%         1
 Ensorcelled Hibernation  Hex/Ice        0%         N/A       99%         2
 Conjure Flame            Conj/Fire      0%         6-21      100%        3
 Ignite Poison            Fire/Tmut/Pois 0%         N/A       100%        3
 Mephitic Cloud           Conj/Pois/Air  0%         N/A       100%        3
 Stone Arrow              Conj/Erth      0%         3d7       100%        3
 Sticky Flame             Conj/Fire      0%         2d3       100%        4
 Lehudib's Crystal Spear  Conj/Erth      0%         10d2      100%        8
 Call Imp                 Summ           Unusable   N/A       N/A         2
 Tukima's Dance           Hex            Unusable   N/A       N/A         3
 Animate Armour           Summ/Erth      Unusable   N/A       N/A         4

Dungeon Overview and Level Annotations

Branches:
Dungeon (10/15)            Temple (1/1) D:4            Lair (0/6) D:9
    Orc (0/2) D:9         Ossuary (visited)

Altars:
Ashenzari
Cheibriados
Dithmenos
Elyvilon
Gozag
Hepliaklqana
Kikubaaqudgha
Okawaru
Qazlal
Trog
Uskayaw
Vehumet
Xom
Yredelemnul
Zin
The Shining One
Beogh

Shops:
D:1 ***   D:2 :   D:7 =   D:8 *

Annotations:
D:3 3 runed translucent doors, Colgate's ghost, amateur MfBe


Innate Abilities, Weirdness & Mutations

You are immune to sickness and miasma.
Your stone body is resilient. (AC +8)
You are immune to poison.
You resist negative energy. (rN+)
You are resistant to electric shocks. (rElec)
You are resistant to unholy torment.
You are immune to petrification.


Message History

The boulder beetle is lightly wounded.
Throw: 17 darts (poison)
Press: ? - help, Q - select action, (/) - cycle Shift-Dir - straight line, f/p - boulder beetle
Aim: a boulder beetle (lightly wounded, rolling, poisoned, 91% to hit)
You throw a poisoned dart.
The poisoned dart barely misses the boulder beetle.
Unknown command.
The boulder beetle looks more healthy.
You hit the boulder beetle but do no damage.
The boulder beetle is poisoned.
The boulder beetle is lightly wounded.
The boulder beetle hits you.
The boulder beetle stops rolling and uncurls.
You hit the boulder beetle but do no damage.
The boulder beetle looks even sicker.
The boulder beetle is lightly wounded.
The boulder beetle bites you!
You hit the boulder beetle but do no damage.
The boulder beetle is lightly wounded.
The boulder beetle bites you.
You hit the boulder beetle but do no damage.
The boulder beetle looks as sick as possible!
The boulder beetle is lightly wounded.
The boulder beetle bites you!
Throw: 16 darts (poison)
Press: ? - help, Q - select action, (/) - cycle Shift-Dir - straight line, f/p - boulder beetle
Aim: a boulder beetle (lightly wounded, extremely poisoned, 91% to hit)
Okay, then.
The boulder beetle leaps!
The boulder beetle curls into a ball and begins rolling!
Throw: 16 darts (poison)
Press: ? - help, Q - select action, (/) - cycle Shift-Dir - straight line, f/p - boulder beetle
Aim: a boulder beetle (heavily wounded, rolling, very poisoned, 91% to hit)
You throw a poisoned dart.
The poisoned dart hits the boulder beetle.
The boulder beetle looks as sick as possible!
The boulder beetle is heavily wounded.
The boulder beetle hits you!!!
Ouch! That really hurt!
You die...

##....>....#
#..#####+## ##...+
#...# ##°.# #°.#
#○.# +B##
################@##
..................+
.#......#..#......#
.##'#####..(.#######
....................
....................
....................
......###...........
....................


You could see a boulder beetle (rolling, very poisoned).

Vanquished Creatures
  Harold (D:8)
  A two-headed ogre (D:8)
  Pikel (D:7)
  Maurice (D:8)
  Maggie (D:7)
  3 yaks (D:9)
  Eustachio (D:5)
  3 water moccasins
  Edmund (D:4)
  6 orc warriors
  A sky beast (D:6)
  A hornet zombie (D:7)
  An ice beast (D:7)
  A necrophage (D:4)
  A black bear (D:5)
  2 ogres
  A phantom (D:7)
  3 centaurs
  A lemure (D:7)
  Blork the orc (D:5)
  3 kobold brigands
  2 bullfrogs
  A water moccasin zombie (D:5)
  2 scorpions (D:4)
  An elf skeleton (D:7)
  A water moccasin skeleton (D:5)
  6 killer bees (D:8)
  3 howler monkeys
  A bullfrog zombie (D:6)
  2 centaur zombies
  2 gnoll shamans
  8 hounds
  2 centaur skeletons (D:6)
  A human zombie (D:7)
  5 orc priests
  2 jellies
  2 bullfrog skeletons
  2 iguanas (D:6)
  6 orc wizards
  A killer bee zombie (D:6)
  13 mummies (Ossuary)
  2 howler monkey zombies (D:8)
  11 gnolls
  A howler monkey skeleton (D:6)
  11 adders
  2 ufetubi
  An adder zombie (D:5)
  2 adder skeletons (D:4)
  3 worms
  5 dart slugs
  27 orcs
  10 ball pythons
  6 bats
  9 endoplasms
  4 giant cockroaches
  6 goblins
  7 hobgoblins
  16 kobolds
  6 quokkas
  A frilled lizard (D:1)
  5 goblin skeletons (Ossuary)
  2 kobold skeletons (Ossuary)
  5 orc skeletons
  10 rats
  11 rat skeletons (Ossuary)
261 creatures vanquished.

Vanquished Creatures (others)
  A plant (D:5)
1 creature vanquished.

Grand Total: 262 creatures vanquished

Notes
Turn   | Place    | Note
-------+----------+-------------------------------------------
     0 | D:1      | PentaManta the Gargoyle Monk began the quest for the Orb.
     0 | D:1      | Reached XP level 1. HP: 14/14 MP: 1/1
   100 | D:1      | Reached XP level 2. HP: 17/19 MP: 2/2
   417 | D:1      | You fall into a shaft and drop 1 floor!
   435 | D:2      | Reached skill level 4 in Maces & Flails
   435 | D:2      | Reached XP level 3. HP: 18/23 MP: 3/3
   500 | D:2      | Found a radiant altar of Vehumet.
   547 | D:2      | Found Zuwuwer's Book Shoppe.
   773 | D:2      | Reached XP level 4. HP: 26/28 MP: 4/4
   827 | D:2      | Reached skill level 5 in Maces & Flails
   921 | D:2      | Found a faded altar of an unknown god.
  1473 | D:1      | Found Fuick's Assorted Antiques.
  1485 | D:1      | Found Ilumi's General Store.
  1733 | D:1      | Found Cesass's General Store.
  1743 | D:1      | Bought a scroll of teleportation for 36 gold pieces
  1927 | D:1      | Reached XP level 5. HP: 29/32 MP: 5/5
  2154 | D:3      | Found a runed translucent gate.
  2154 | D:3      | Found a runed translucent gate.
  2154 | D:3      | Found a runed translucent gate.
  2155 | D:3      | Noticed Colgate's ghost (amateur MfBe)
  2353 | D:3      | Noticed a centaur
  2365 | D:3      | Killed a centaur
  2366 | D:3      | Reached skill level 6 in Maces & Flails
  2698 | D:3      | Found an opulent altar of Gozag.
  2774 | D:3      | Found a bloodstained altar of Trog.
  2982 | D:3      | Reached XP level 6. HP: 30/37 MP: 6/6
  3502 | D:4      | Reached skill level 7 in Maces & Flails
  3683 | D:4      | Noticed Edmund
  3695 | D:4      | Killed Edmund
  3696 | D:4      | Reached XP level 7. HP: 33/41 MP: 7/7
  3765 | D:4      | Found a staircase to the Ecumenical Temple.
  3779 | D:4      | Reached skill level 8 in Maces & Flails
  4172 | D:4      | Reached skill level 9 in Maces & Flails
  4270 | Temple   | Entered the Ecumenical Temple
  4278 | Temple   | Became a worshipper of Warmaster Okawaru
  4278 | Temple   | Reached * piety under Okawaru
  4278 | Temple   | Reached ** piety under Okawaru
  4345 | D:4      | Found a broken altar of Ashenzari.
  4353 | D:4      | Reached XP level 8. HP: 46/46 MP: 8/8
  4365 | D:4      | Found a glowing silver altar of Zin.
  4982 | D:5      | Entered Level 5 of the Dungeon
  5095 | D:5      | Reached skill level 10 in Maces & Flails
  5328 | D:5      | Noticed Eustachio
  5368 | D:5      | Killed Eustachio
  5456 | D:5      | Noticed Blork the orc
  5468 | D:5      | Killed Blork the orc
  5641 | D:5      | Reached skill level 11 in Maces & Flails
  5854 | D:5      | Found a radiant altar of Vehumet.
  5856 | D:5      | Found an opulent altar of Gozag.
  5856 | D:5      | Found a shimmering altar of Xom.
  5858 | D:5      | Found a stormy altar of Qazlal.
  5858 | D:5      | Found a broken altar of Ashenzari.
  5858 | D:5      | Found an iron altar of Okawaru.
  5868 | D:5      | Reached *** piety under Okawaru
  5869 | D:5      | Reached XP level 9. HP: 46/51 MP: 9/9
  6055 | D:6      | Found a stormy altar of Qazlal.
  6426 | D:6      | Reached skill level 12 in Maces & Flails
  6544 | D:6      | Reached skill level 1 in Armour
  6725 | D:7      | Identified a scroll of acquirement
  6851 | D:7      | Noticed Maggie
  6856 | D:7      | Killed Maggie
  6970 | D:7      | Found a sand-covered staircase.
  6983 | Ossuary  | Entered an ossuary
  7208 | Ossuary  | Reached skill level 5 in Fighting
  7537 | D:7      | Found Jiorghib's Jewellery Boutique.
  7574 | D:7      | Identified the +8 spear of the Crawling Thing {pain, *Noise
                  | Dex+4}
  7614 | D:7      | Reached **** piety under Okawaru
  7969 | D:7      | Reached skill level 5 in Armour
  8018 | D:7      | Reached XP level 10. HP: 54/61 MP: 10/10
  8740 | D:8      | Noticed Pikel
  8741 | D:8      | Noticed Harold
  8808 | D:7      | Killed Pikel
  8878 | D:8      | Noticed a two-headed ogre
  8888 | D:8      | Killed a two-headed ogre
  8926 | D:8      | Noticed Maurice
  8940 | D:8      | Killed Harold
  8940 | D:8      | Reached ***** piety under Okawaru
  8958 | D:8      | Killed Maurice
  9279 | D:8      | Found Uxzoisto's Demolitions Depot.
  9490 | D:8      | Found a glowing golden altar of the Shining One.
  9709 | D:9      | Found a staircase to the Lair.
  9968 | D:9      | Identified the +10 morningstar of Okawaru's Condemnation
                  | {holy, rC+ Dex+3} (Okawaru gifted it to you on level 9 of
                  | the Dungeon)
  9968 | D:9      | Received a gift from Okawaru
  9996 | D:9      | Found an ancient bone altar of Kikubaaqudgha.
 10014 | D:9      | Identified the +6 quarterstaff "Trog's Righteous Anger"
                  | {elec, rN+ Str+3}
 10057 | D:9      | Noticed a boulder beetle
 10089 | D:9      | Acquired the ring of Truth {Ice Will+ SInv}
 10091 | D:9      | Acquired 599 gold pieces
 10216 | D:9      | Found a staircase to the Orcish Mines.
 10219 | D:10     | Entered Level 10 of the Dungeon
 10237 | D:10     | Reached XP level 11. HP: 57/71 MP: 11/11
 10921 | D:9      | Reached skill level 10 in Fighting
 10981 | D:9      | Mangled by a boulder beetle

Illustrated notes

Levels and vault maps discovered:
D:1:      dpeg_arrival_simpleton_c, layout_basic, serial_shops, shop_statue,
          nicolae_shop_behind_doors, nicolae_lakefront_shop, minmay_pentomino_s2
D:2:      layout_basic, basic_altar, serial_shops, shop, basic_ecumenical_altar
D:3:      layout_rooms, lightli_temple_of_fire, marbit_many_paths,
          gammafunk_ghost_necromancy, minmay_misc_feat_room
D:4:      minmay_bubble_buster, layout_cave_pods, mainiacjoe_overflow_big_doors,
          minmay_temple_entry_slanted, hangedman_decor_lopped, uniq_edmund
D:5:      layout_loops_ring, doesnt_xom_only_xom, serial_bayou_pond_a,
          uniq_eustachio, uniq_blork_the_orc
D:6:      layout_loops_ring, nicolae_qazlal_eye_of_the_storm, abandoned_shop
D:7:      layout_layer_cave, enter_bailey_2, nicolae_ossuary_entry_catacombs,
          minmay_shop_enchanted_jewellery, st_stairs_13, grunt_decor_junction,
          uniq_maggie
D:8:      layout_rooms, mainiacjoe_overflow_brackets, nicolae_blasting_shop,
          uniq_harold, uniq_pikel, uniq_maurice
D:9:      minmay_the_grid_triangle_9x9_rhombus_full
          [minmay_the_grid_triangle_9x9_semitri,
          minmay_the_grid_triangle_9x9_corrupted_corridor,
          minmay_the_grid_triangle_9x9_steps,
          minmay_the_grid_triangle_9x9_sprig,
          minmay_the_grid_triangle_9x9_odd_lines,
          minmay_the_grid_triangle_9x9_dagger,
          minmay_the_grid_triangle_9x9_stretched_checkered,
          minmay_the_grid_triangle_9x9_prize_schism], layout_stronghold,
          kiku_gazebo_pond_becter, david_orc_5, nicolae_shop_gadgets
D:10:     due_megacathedral, layout_cave_pools, small_statue_intersection,
          minivault_28
Temple:   eino_narrow_crystal_temple

Skill      XL: |  1  2  3  4  5  6  7  8  9 10 11 |
---------------+----------------------------------+-----
Maces & Flails | 4 5 6 7 9 11 12 | 12.0
Armour         | 5 8 9 |  9.3
Fighting       | 6 9 10 | 10.0
Dodging        | |  2.4
Stealth        | |  2.1

Action                   |  1- 3 |  4- 6 |  7- 9 | 10-12 || total
-------------------------+-------+-------+-------+-------++-------
Melee: Mace              |    78 |   215 |       |       ||   293
       Dire flail        |       |       |   397 |   133 ||   530
       Morningstar       |       |       |       |    90 ||    90
       Whip              |       |       |       |     5 ||     5
       Dagger            |       |       |       |     4 ||     4
Throw: Boomerang         |       |     1 |     3 |       ||     4
       Dart              |       |       |       |     5 ||     5
Evoke: Wand              |       |     4 |       |     1 ||     5
  Use: Scroll            |       |       |    12 |     3 ||    15
       Potion            |       |       |       |     2 ||     2
 Stab: Sleeping          |     1 |     3 |       |       ||     4
       Paralysed         |       |    12 |       |     5 ||    17
Armor: Ring mail         |    31 |    91 |       |       ||   122
       Robe              |     2 |       |       |       ||     2
       Scale mail        |       |    10 |       |       ||    10
       Chain mail        |       |       |   215 |   178 ||   393
       Skin              |       |       |       |     3 ||     3
Dodge: Dodged            |    48 |   126 |   112 |    97 ||   383

Table legend: (Time is in decaauts)
 A = Elapsed time spent in this place.
 B = Non-inter-level travel time spent in this place.
 C = Inter-level travel time spent in this place.
 D = Time resting spent in this place.
 E = Time spent auto-exploring this place.
 F = Levels seen in this place.
 G = Mean time per level.
                   A        B        C        D        E       F      G
               +--------+--------+--------+--------+--------+-----+--------+
         Total |  10870 |  10576 |    294 |   1716 |   6689 |  12 |  905.8 |
       Dungeon |  10362 |  10068 |    294 |   1716 |   6302 |  10 | 1036.2 |
        Temple |     14 |     14 |      0 |      0 |      0 |   1 |   14.0 |
       Ossuary |    493 |    493 |      0 |      0 |    387 |   1 |  493.0 |
               +--------+--------+--------+--------+--------+-----+--------+

Top non-repeatable levels by time:
     D:4: 1510 daAuts
     D:7: 1476 daAuts
     D:3: 1382 daAuts
     D:8: 1103 daAuts
     D:1: 1054 daAuts
     D:2: 1047 daAuts
     D:5: 1041 daAuts
     D:9: 795 daAuts
     D:6: 666 daAuts
 Ossuary: 493 daAuts
    D:10: 283 daAuts
  Temple: 14 daAuts
